 Dungeon Crawl Stone Soup version 0.31-a0-175-g9f7f995f2b (webtiles) character file.

Game seed: 11501895203222013042

1427 qw the Skirmisher (level 8, -12/74 HPs)
             Began as a Naga Hunter on June 16, 2023.
             Was an Initiate of Okawaru.
             Killed from afar by Maggie (15 damage)
             ... with a bolt of fire
             ... on level 6 of the Dungeon.
             The game lasted 00:01:58 (5411 turns).

qw the Skirmisher (Naga Hunter)                     Turns: 5411, Time: 00:01:58

Health: -12/74     AC:  8    Str: 14    XL:     8   Next: 72%
Magic:  9/9        EV: 10    Int: 10    God:    Okawaru [......]
Gold:   347        SH:  0    Dex: 16    Spells: 7/7 levels left

rFire   . . .        m - +0 orcbow
rCold   + . .        (shield currently unavailable)
rNeg    + . .        c - +0 leather armour
rPois   +            j - +1 helmet
rElec   .            (no cloak)
rCorr   .            (no gloves)
SInv    +            (no barding)
Will    +....        (no amulet)
Stlth   ++           g - ring of protection from cold
HPRegen 0.32/turn    k - ring of positive energy
MPRegen 0.11/turn

%: clarity
@: about to teleport, very slow
A: AC +2, large, see invisible, deformed body, poison resistance, slowness 2,
spit poison 1, naga tail 1, iridescent scales 1, clarity, sturdy frame 2
a: Spit Poison, Renounce Religion


You were on level 6 of the Dungeon.
You worshipped Okawaru.
Okawaru was noncommittal.
You visited 1 branch of the dungeon, and saw 6 of its levels.

You collected 347 gold pieces.


Innate Abilities, Weirdness & Mutations

Your serpentine skin is tough. (AC +2)
You have supernaturally acute eyesight. (SInv)
Armour fits poorly on your strangely shaped body.
Your system is resistant to poisons. (rPois)
You cover ground very slowly.
You can spit poison.
You have a snake-like lower body.
You are partially covered in iridescent scales. (AC +2)
You possess an exceptional clarity of mind.
Your movements are less encumbered by armour. (ER -4)


   Skills:
 - Level 5.1 Fighting
 + Level 8.6 Ranged Weapons
 - Level 2.7 Dodging
 - Level 1.5 Stealth
 - Level 2.5 Invocations


You had 7 spell levels left.
You didn't know any spells.
Your spell library was empty.

Inventory:

Hand Weapons
 m - a +0 orcbow (weapon)
Armour
 c - a +0 leather armour (worn)
 j - a +1 helmet (worn)
Jewellery
 g - a ring of protection from cold (left hand)
 k - a ring of positive energy (right hand)
 o - a ring of fire
Scrolls
 d - 3 scrolls of identify
Potions
 b - a potion of attraction {unknown}
 e - 2 potions of haste
 f - 3 potions of curing
 h - a potion of invisibility {unknown}
 i - a potion of mutation
 l - 2 potions of might {unknown}
 n - a potion of lignification {unknown}

Dungeon Overview and Level Annotations

Branches:
Dungeon (6/15)
 Temple: D:4-7

Altars:
Ashenzari
Cheibriados
Kikubaaqudgha
Okawaru
Vehumet

Shops:
D:6 =

Annotations:
D:6 Maggie


Message History

Maggie is heavily wounded.
Maggie hits you with a +0 war axe of pain!
You shoot an arrow. The arrow closely misses Maggie.
Maggie mumbles some strange words.
Maggie attempts to bespell you!
You are unaffected.
Maggie points at you and mumbles some strange words.
The bolt of fire hits you!!
You shoot an arrow. The arrow hits Maggie.
Maggie is heavily wounded.
You have got your breath back.
Maggie hits you with a +0 war axe of pain.
You writhe in agony.
5406 ||| INVOKING Spit Poison.
Aiming: Spit Poison (1% risk of failure)
Press: ? - help, Shift-Dir - straight line, f/p - Maggie The splash of poison hits Maggie!
Maggie looks even sicker.
Maggie is severely wounded.
Maggie gestures wildly while chanting.
Maggie attempts to bespell you!
You are unaffected.
You shoot an arrow. The arrow barely misses Maggie.
Maggie mumbles some strange words.
Maggie attempts to bespell you!
You are unaffected.
You shoot an arrow.
The arrow hits Maggie but does no damage.
Maggie is severely wounded.
Maggie hits you with a +0 war axe of pain!
You shoot an arrow. The arrow hits Maggie.
Maggie is severely wounded.
Maggie hits you with a +0 war axe of pain.
You shoot an arrow. The arrow closely misses Maggie.
You have got your breath back.
Maggie casts a spell at you. The bolt of fire hits you!!
5411 ||| READING scroll of teleportation.
As you read the scroll of teleportation, it crumbles to dust.
You feel strangely unstable.
Maggie looks more healthy.
Maggie points at you and mumbles some strange words.
The bolt of fire hits you!
You die...

..#.#...##...# ##.## #.#
....#).[##...#####.#.###.#
....)).###.....##.###....#
....)..............#.#####
...)##...###....###.##
...####..####...# #.#
......#... #....###.#
.#.##.#..####.......#
##.##.#..###....@...#
##..............@...#
###.........####....# #
#....##...# ##...# #
#.##.##.....# ...# #
#....##.....# .).# #
#.#####...### ...# #
#.........# ...# #
#.####.#...


You could see Maggie.

Vanquished Creatures
  Edmund (D:5)
  A water moccasin (D:6)
  A black bear (D:6)
  A centaur (D:6)
  A phantom (D:5)
  A kobold brigand (D:6)
  A howler monkey (D:5)
  3 vampire bats (D:3)
  4 hounds
  3 jellies
  5 orc priests
  2 iguanas
  Terence (D:2)
  A sleepcap (D:6)
  An orc wizard (D:6)
  8 gnolls
  6 adders
  2 white imps (D:6)
  An ufetubus (D:5)
  2 worms (D:4)
  2 dart slugs
  9 orcs
  2 bat skeletons (D:3)
  4 bat zombies (D:3)
  9 endoplasms
  6 giant cockroaches
  4 goblins
  6 hobgoblins
  4 jackals (D:1)
  9 kobolds
  2 quokkas
  9 ball pythons
  4 bats
  A frilled lizard (D:2)
  3 rats
120 creatures vanquished.

Vanquished Creatures (others)
  An orc (D:4)
1 creature vanquished.

Grand Total: 121 creatures vanquished

Notes
Turn   | Place    | Note
-------+----------+-------------------------------------------
     0 | D:1      | qw the Naga Hunter began the quest for the Orb.
     0 | D:1      | Reached XP level 1. HP: 19/19 MP: 1/1
     0 | D:1      | 0 ||| qw: Version: 0.2-a-29-g511e9b1
     0 | D:1      | 0 ||| qw: Game counter: 5933
     0 | D:1      | 0 ||| qw: Always use a shield: true
     0 | D:1      | 0 ||| qw: God list: Okawaru
     0 | D:1      | 0 ||| qw: Allow faded altars: false
     0 | D:1      | 0 ||| qw: Do Orc after D:15 true
     0 | D:1      | 0 ||| qw: Do second Lair branch before Depths: true
     0 | D:1      | 0 ||| qw: Lair rune preference: random
     0 | D:1      | 0 ||| qw: Plans: Normal
     0 | D:1      | 0 ||| PLANNING D:1-11
   105 | D:1      | 105 ||| INVOKING Spit Poison.
   111 | D:1      | 111 ||| INVOKING Spit Poison.
   115 | D:1      | 115 ||| INVOKING Spit Poison.
   116 | D:1      | Reached skill level 4 in Ranged Weapons
   116 | D:1      | Reached XP level 2. HP: 12/26 MP: 2/2
   230 | D:1      | 230 ||| INVOKING Spit Poison.
   269 | D:1      | 269 ||| INVOKING Spit Poison.
   368 | D:1      | 368 ||| INVOKING Spit Poison.
   467 | D:1      | 467 ||| INVOKING Spit Poison.
   586 | D:1      | 586 ||| INVOKING Spit Poison.
   631 | D:1      | 631 ||| INVOKING Spit Poison.
   636 | D:1      | Reached XP level 3. HP: 32/32 MP: 3/3
   724 | D:1      | 724 ||| INVOKING Spit Poison.
   835 | D:1      | 835 ||| INVOKING Spit Poison.
   885 | D:1      | 885 ||| UPGRADING to ring of protection from cold.
   886 | D:1      | 886 ||| READING scroll labelled DERUFUIBBU.
   887 | D:1      | 887 ||| READING scroll labelled VEAMME KUTADASS.
   888 | D:1      | 888 ||| DRINKING 2 fuming clear potions.
   889 | D:1      | 889 ||| DROPPING scroll of butterflies.
   910 | D:2      | Noticed Terence
   913 | D:2      | 913 ||| INVOKING Spit Poison.
   918 | D:2      | Killed Terence
   925 | D:2      | 925 ||| INVOKING Spit Poison.
   944 | D:2      | 944 ||| INVOKING Spit Poison.
   947 | D:2      | 947 ||| INVOKING Spit Poison.
   948 | D:2      | Reached skill level 5 in Ranged Weapons
   951 | D:2      | Reached XP level 4. HP: 36/39 MP: 4/4
  1030 | D:2      | 1030 ||| INVOKING Spit Poison.
  1045 | D:2      | 1045 ||| INVOKING Spit Poison.
  1052 | D:2      | 1052 ||| INVOKING Spit Poison.
  1067 | D:2      | 1067 ||| INVOKING Spit Poison.
  1070 | D:2      | 1070 ||| INVOKING Spit Poison.
  1094 | D:2      | 1094 ||| INVOKING Spit Poison.
  1182 | D:2      | 1182 ||| INVOKING Spit Poison.
  1205 | D:2      | 1205 ||| INVOKING Spit Poison.
  1209 | D:2      | 1209 ||| INVOKING Spit Poison.
  1216 | D:2      | 1216 ||| INVOKING Spit Poison.
  1250 | D:2      | 1250 ||| INVOKING Spit Poison.
  1350 | D:2      | 1350 ||| INVOKING Spit Poison.
  1494 | D:2      | 1494 ||| INVOKING Spit Poison.
  1549 | D:2      | 1549 ||| READING scroll labelled YJATHRA UTYO.
  1550 | D:2      | 1550 ||| DRINKING 3 white potions.
  1601 | D:3      | 1601 ||| INVOKING Spit Poison.
  1606 | D:3      | 1606 ||| INVOKING Spit Poison.
  1710 | D:3      | 1710 ||| INVOKING Spit Poison.
  1714 | D:3      | 1714 ||| INVOKING Spit Poison.
  1717 | D:3      | 1717 ||| INVOKING Spit Poison.
  1718 | D:3      | 1718 ||| INVOKING Spit Poison.
  1770 | D:3      | Found an iron altar of Okawaru.
  1771 | D:3      | 1771 ||| PLANNING OKAWARU WORSHIP
  1771 | D:3      | 1771 ||| DROPPING scarf of invisibility.
  1772 | D:3      | 1772 ||| READING scroll labelled DUACUMOUHE.
  1877 | D:3      | Became a worshipper of Warmaster Okawaru
  1878 | D:3      | 1878 ||| PLANNING D:1-11
  2060 | D:3      | 2060 ||| INVOKING Spit Poison.
  2121 | D:3      | 2121 ||| INVOKING Spit Poison.
  2123 | D:3      | Reached skill level 3 in Fighting
  2151 | D:3      | 2151 ||| INVOKING Spit Poison.
  2477 | D:3      | Found an ancient bone altar of Kikubaaqudgha.
  2481 | D:3      | Reached XP level 5. HP: 49/49 MP: 5/5
  2515 | D:3      | Reached skill level 6 in Ranged Weapons
  2607 | D:3      | 2607 ||| READING scroll labelled PETYPHYALY.
  2610 | D:3      | 2610 ||| READING scroll labelled TOOTATW VIMIPH.
  2611 | D:3      | 2611 ||| READING scroll labelled VAVE WUGOGE.
  2694 | D:4      | Found a broken altar of Ashenzari.
  2735 | D:4      | 2735 ||| INVOKING Spit Poison.
  2739 | D:4      | 2739 ||| INVOKING Spit Poison.
  2740 | D:4      | Reached XP level 6. HP: 56/56 MP: 6/6
  2774 | D:4      | 2774 ||| INVOKING Spit Poison.
  2777 | D:4      | 2777 ||| INVOKING Spit Poison.
  2782 | D:4      | 2782 ||| INVOKING Spit Poison.
  2785 | D:4      | 2785 ||| INVOKING Spit Poison.
  2786 | D:4      | 2786 ||| INVOKING Spit Poison.
  2974 | D:4      | Found a radiant altar of Vehumet.
  3026 | D:4      | 3026 ||| INVOKING Spit Poison.
  3064 | D:4      | Found a snail-covered altar of Cheibriados.
  3066 | D:4      | 3066 ||| INVOKING Spit Poison.
  3095 | D:4      | 3095 ||| INVOKING Spit Poison.
  3147 | D:4      | 3147 ||| INVOKING Spit Poison.
  3150 | D:4      | 3150 ||| INVOKING Spit Poison.
  3153 | D:4      | 3153 ||| INVOKING Spit Poison.
  3295 | D:4      | 3295 ||| DRINKING 2 metallic purple potions.
  3295 | D:4      | Gained mutation: Your movements are slightly less
                  | encumbered by armour. (ER -2) [potion of mutation]
  3295 | D:4      | Gained mutation: You are partially covered in iridescent
                  | scales. (AC +2) [potion of mutation]
  3295 | D:4      | Gained mutation: Your movements are less encumbered by
                  | armour. (ER -4) [potion of mutation]
  3295 | D:4      | Gained mutation: You possess an exceptional clarity of
                  | mind. [potion of mutation]
  3296 | D:4      | 3296 ||| READING 2 scrolls of identify.
  3296 | D:4      | 3296 ||| IDENTIFYING smoky dark potion
  3297 | D:4      | 3297 ||| DROPPING potion of degeneration.
  3322 | D:5      | Entered Level 5 of the Dungeon
  3323 | D:5      | 3323 ||| INVOKING Spit Poison.
  3326 | D:5      | 3326 ||| INVOKING Spit Poison.
  3327 | D:5      | 3327 ||| STAIRDANCE
  3329 | D:4      | 3329 ||| INVOKING Spit Poison.
  3356 | D:5      | 3356 ||| INVOKING Spit Poison.
  3373 | D:5      | 3373 ||| INVOKING Spit Poison.
  3435 | D:5      | 3435 ||| INVOKING Spit Poison.
  3545 | D:5      | 3545 ||| INVOKING Spit Poison.
  3550 | D:5      | 3550 ||| INVOKING Spit Poison.
  3582 | D:5      | You fall into a shaft and drop 1 floor!
  3583 | D:6      | 3583 ||| UPGRADING to +1 helmet.
  3595 | D:5      | 3595 ||| INVOKING Spit Poison.
  3600 | D:5      | Reached XP level 7. HP: 52/64 MP: 7/7
  3602 | D:5      | 3602 ||| INVOKING Spit Poison.
  3607 | D:5      | 3607 ||| INVOKING Spit Poison.
  3610 | D:5      | Reached * piety under Okawaru
  3611 | D:5      | 3611 ||| INVOKING Heroism.
  3612 | D:5      | 3612 ||| INVOKING Heroism.
  3613 | D:5      | 3613 ||| INVOKING Spit Poison.
  3617 | D:5      | 3617 ||| INVOKING Spit Poison.
  3883 | D:5      | 3883 ||| INVOKING Spit Poison.
  3887 | D:5      | 3887 ||| INVOKING Spit Poison.
  3927 | D:5      | Reached skill level 7 in Ranged Weapons
  4036 | D:5      | 4036 ||| INVOKING Spit Poison.
  4040 | D:5      | 4040 ||| INVOKING Spit Poison.
  4084 | D:5      | Noticed Edmund
  4085 | D:5      | 4085 ||| INVOKING Heroism.
  4088 | D:5      | 4088 ||| INVOKING Spit Poison.
  4096 | D:5      | 4096 ||| INVOKING Spit Poison.
  4101 | D:5      | 4101 ||| INVOKING Spit Poison.
  4103 | D:5      | Killed Edmund
  4104 | D:5      | 4104 ||| INVOKING Spit Poison.
  4110 | D:5      | 4110 ||| INVOKING Spit Poison.
  4117 | D:5      | 4117 ||| INVOKING Spit Poison.
  4118 | D:5      | 4118 ||| INVOKING Heroism.
  4350 | D:5      | 4350 ||| UPGRADING to ring of positive energy.
  4351 | D:5      | 4351 ||| DRINKING 2 fuming amethyst potions.
  4352 | D:5      | 4352 ||| DRINKING 4 potions of curing.
  4352 | D:5      | 4352 ||| (to cure confusion)
  4353 | D:5      | 4353 ||| DROPPING potion of ambrosia.
  4410 | D:6      | 4410 ||| INVOKING Heroism.
  4411 | D:6      | 4411 ||| INVOKING Spit Poison.
  4420 | D:6      | Reached skill level 1 in Invocations
  4420 | D:6      | Reached XP level 8. HP: 71/72 MP: 5/9
  4488 | D:6      | 4488 ||| INVOKING Spit Poison.
  4495 | D:6      | Found Viucabem's Jewellery Shop.
  4574 | D:6      | 4574 ||| INVOKING Spit Poison.
  4602 | D:6      | 4602 ||| INVOKING Heroism.
  4604 | D:6      | 4604 ||| INVOKING Spit Poison.
  4611 | D:6      | Reached skill level 8 in Ranged Weapons
  4612 | D:6      | 4612 ||| INVOKING Spit Poison.
  4616 | D:6      | 4616 ||| INVOKING Spit Poison.
  4620 | D:6      | 4620 ||| INVOKING Spit Poison.
  4621 | D:6      | 4621 ||| INVOKING Heroism.
  4628 | D:6      | 4628 ||| INVOKING Spit Poison.
  4630 | D:6      | HP: 18/73 [gnoll/+0 spear (4)]
  4631 | D:6      | 4631 ||| READING 2 scrolls of teleportation.
  4632 | D:6      | 4632 ||| INVOKING Spit Poison.
  4855 | D:6      | 4855 ||| UPGRADING to +0 orcbow.
  4856 | D:6      | 4856 ||| DROPPING +0 shortbow.
  4879 | D:6      | 4879 ||| INVOKING Heroism.
  4880 | D:6      | 4880 ||| INVOKING Spit Poison.
  4887 | D:6      | 4887 ||| INVOKING Spit Poison.
  4892 | D:6      | 4892 ||| INVOKING Spit Poison.
  4896 | D:6      | 4896 ||| INVOKING Spit Poison.
  5187 | D:6      | 5187 ||| INVOKING Heroism.
  5212 | D:6      | 5212 ||| INVOKING Spit Poison.
  5216 | D:6      | 5216 ||| INVOKING Spit Poison.
  5222 | D:6      | 5222 ||| INVOKING Spit Poison.
  5225 | D:6      | 5225 ||| INVOKING Heroism.
  5226 | D:6      | 5226 ||| INVOKING Spit Poison.
  5392 | D:6      | Noticed Maggie
  5395 | D:6      | 5395 ||| INVOKING Spit Poison.
  5399 | D:6      | 5399 ||| INVOKING Spit Poison.
  5402 | D:6      | 5402 ||| INVOKING Spit Poison.
  5406 | D:6      | 5406 ||| INVOKING Spit Poison.
  5410 | D:6      | HP: 3/74 [Maggie/bolt of fire (24)]
  5411 | D:6      | 5411 ||| READING scroll of teleportation.
  5411 | D:6      | Killed from afar by Maggie

Levels and vault maps discovered:
D:1:      minmay_arrival_widening_spiral_wide, layout_basic
D:2:      layout_loops_ring, chequers_serial_rivers_micro_a,
          amcnicky_mini_corridor_feature, uniq_terence
D:3:      layout_basic, kennysheep_vampire_church, mainiacjoe_overflow_24_doors
D:4:      layout_loops_ring, slow_altar_2, fiery_altar_vehumet,
          amcnicky_altar_gilded, hex_large
D:5:      layout_basic, grunt_ministairs_11, uniq_edmund
D:6:      layout_loops_cross, serial_shops, nicolae_take_the_stairs,
          hangedman_decor_growths, grunt_ministairs_1, minivault_23,
          nicolae_concentric_dashed_squares_wild, uniq_maggie,
          uniq_crazy_yiuf_cottage

Skill      XL: |  1  2  3  4  5  6  7  8 |
---------------+-------------------------+-----
Ranged Weapons | 4 5 6 7 8 |  8.6
Fighting       | 3 4 5 |  5.1
Dodging        | 2 |  2.7
Invocations    | 1 2 |  2.5
Stealth        | |  1.5

Action                     |  1- 3 |  4- 6 |  7- 9 || total
---------------------------+-------+-------+-------++-------
   Fire: Shortbow          |    46 |   171 |   130 ||   347
         Orcbow            |       |       |    50 ||    50
 Invoke: Heroism           |       |       |     9 ||     9
Ability: Spit Poison       |    15 |    42 |    35 ||    92
    Use: Scroll            |     2 |     6 |     2 ||    10
         Potion            |     1 |     2 |     2 ||     5
 Armour: Leather armour    |     7 |    80 |    66 ||   153
  Dodge: Dodged            |    11 |    95 |    78 ||   184

Table legend:
 A = Non-vault XP
 B = Vault XP
 C = Vault XP percentage of total XP
 D = Non-vault monster count
 E = Vault monster count
 F = Vault count percentage of total count
                 A         B        C        D         E       F
            +---------+---------+-------+---------+---------+-------
      Total |    1372 |     667 |  32.7 |     102 |      18 |  15.0
            +---------+---------+-------+---------+---------+-------
        D:1 |      42 |       0 |   0.0 |      22 |       0 |   0.0
        D:2 |      49 |      36 |  42.4 |      21 |       1 |   4.5
        D:3 |      14 |     176 |  92.6 |       8 |       9 |  52.9
        D:4 |     159 |       5 |   3.0 |      14 |       1 |   6.7
        D:5 |     441 |     213 |  32.6 |      15 |       3 |  16.7
        D:6 |     667 |     237 |  26.2 |      22 |       4 |  15.4
            +---------+---------+-------+---------+---------+-------
